 Dungeon Crawl Stone Soup version 0.29-a0-359-g541a27f54d (webtiles) character file.

Game seed: 6984038193683608225

87 Hubjo the Firebug (level 4, -2/12 (26) HPs)
             Began as a Deep Elf Fire Elementalist on Apr 27, 2022.
             Was a Follower of Elyvilon.
             Slain by Robin
             ... wielding a +4 short sword of draining
              (4 damage)
             ... on level 3 of the Dungeon.
             The game lasted 00:03:53 (3433 turns).

Hubjo the Firebug (Deep Elf Fire Elementalist)      Turns: 3433, Time: 00:03:54

HP:   -2/12 (26)    AC: 11    Str:  5    XL:     4   Next: 28%
MP:   11/11         EV: 13    Int: 26    God:    Elyvilon [*.....]
Gold: 81            SH:  0    Dex: 21    Spells: 9/10 levels left

rFire   . . .      SeeInvis .   c - +0 dagger (protect)
rCold   . . .      Faith    .   (no shield)
rNeg    . . .      Spirit   .   p - +2 robe "Ykkustri" {Dex+4}
rPois   .          Reflect  .   (no helmet)
rElec   .          Harm     .   (no cloak)
rCorr   .          Rampage  .   (no gloves)
Will    .....                   (no boots)
Stlth   +++.......              (no amulet)
HPRegen 0.04/turn               d - +6 ring of intelligence
MPRegen 0.12/turn               (no ring)

@: mighty, under a protective aura, extremely drained
A: no striking features
a: Renounce Religion, Purification


You were on level 3 of the Dungeon.
You worshipped Elyvilon.
Elyvilon was aware of your devotion.
You visited 1 branch of the dungeon, and saw 3 of its levels.

You collected 81 gold pieces.

Inventory:

Hand Weapons
 c - a +0 dagger of protection (weapon)
Armour
 a - a +0 robe
 h - a scarf of harm
 p - the +2 robe "Ykkustri" (worn) {Dex+4}
   (You found it on level 3 of the Dungeon)

   Dex:       It affects your dexterity (+4).
Jewellery
 d - a +6 ring of intelligence (left hand)
Scrolls
 e - a scroll of holy word
Potions
 b - a potion of magic
 f - a potion of cancellation {unknown}
 i - a potion of flight {unknown}
 k - a potion of attraction {unknown}
 o - a potion of resistance {unknown}


   Skills:
 * Level 1.8 Fighting
 - Level 2.4 Dodging
 + Level 3.4 Stealth
 + Level 3.8 Spellcasting
 - Level 1.1 Conjurations
 + Level 3.9 Fire Magic


You had 9 spell levels left.
You knew the following spells:

 Your Spells              Type           Power      Damage    Failure   Level
a - Foxfire               Conj/Fire      72%        2x1d7     3%          1

Your spell library contained the following spells:

 Spells                   Type           Power      Damage    Failure   Level
 Scorch                   Fire           50%        2d8       2%          2
 Conjure Flame            Conj/Fire      18%        6-21      10%         3
 Inner Flame              Hex/Fire       15%        N/A       12%         3
 Flame Wave               Conj/Fire      18%        2d6       30%         4


Dungeon Overview and Level Annotations

Branches:
Dungeon (3/15)

Altars:
Elyvilon
Fedhas
Makhleb
Uskayaw

Annotations:
D:3 Ijyb, Robin


Message History

Robin hits you but does no damage.
You feel drained.
You closely miss Robin.
Robin is moderately wounded.
Robin hits you with a +4 short sword of draining.
You feel drained.
You hit Robin.
Robin is moderately wounded.
Robin hits you with a +4 short sword of draining.
You feel drained.
You barely miss Robin.
Robin is moderately wounded.
Robin hits you with a +4 short sword of draining!
* * * LOW HITPOINT WARNING * * *
You feel drained.
* * * LOW HITPOINT WARNING * * *
You are too injured to fight recklessly!
You are too injured to fight recklessly!
You are too injured to fight recklessly!
You are too injured to fight recklessly!
You feel better. Robin hits you but does no damage.
You feel drained.
You hit Robin but do no damage.
Robin is moderately wounded.
Robin hits you with a +4 short sword of draining.
You feel drained.
* * * LOW HITPOINT WARNING * * *
You hit Robin.
Robin is severely wounded.
Robin hits you but does no damage.
You feel drained.
You barely miss Robin.
Robin is severely wounded.
Robin closely misses you.
You hit Robin but do no damage.
Robin is severely wounded.
Robin hits you with a +4 short sword of draining.
* * * LOW HITPOINT WARNING * * *
You feel drained.
It was a potion of might.
You feel very mighty all of a sudden.
Robin hits you with a +4 short sword of draining.
You die...

#..........#
#.......#..#
#.......#..###
#.......#..#.#
#.......##.#.#
#.......##..<#
#.......##...#
#####.......##.g>#
.....ยง......##.#@#
.....#'#.......#.#
####.#.#########.#
.......# #.#
_.###..# #.#
..#....# #.#
.##.#..# #.#
....#..# #.#
.####..#########.#


You could see Robin.

Vanquished Creatures
  5 adders (D:2)
  3 dart slugs
  3 ball pythons
  3 endoplasms
  2 giant cockroaches
  8 goblins
  2 hobgoblins (D:3)
  5 bats
  A frilled lizard (D:2)
  3 kobolds
  2 rats
37 creatures vanquished.

Vanquished Creatures (others)
  215 foxfires
215 creatures vanquished.

Grand Total: 252 creatures vanquished

Notes
Turn   | Place    | Note
-------+----------+-------------------------------------------
     0 | D:1      | Hubjo the Deep Elf Fire Elementalist began the quest for
                  | the Orb.
     0 | D:1      | Reached XP level 1. HP: 10/10 MP: 6/6
   784 | D:1      | Reached XP level 2. HP: 16/16 MP: 1/8
  1108 | D:1      | Found a faded altar of an unknown god.
  1727 | D:1      | Prayed at the altar of an unknown god.
  1727 | D:1      | Became a worshipper of Elyvilon the Healer
  1727 | D:1      | Reached * piety under Elyvilon
  1777 | D:2      | Reached skill level 1 in Fighting
  1892 | D:2      | Reached XP level 3. HP: 20/20 MP: 6/10
  2333 | D:2      | Found a burning altar of Makhleb.
  2533 | D:2      | Reached XP level 4. HP: 26/26 MP: 7/11
  2890 | D:3      | Identified the +2 robe "Ykkustri" {Dex+4}
  2914 | D:3      | Found a hide-covered altar of Uskayaw.
  2971 | D:3      | Found a blossoming altar of Fedhas.
  2986 | D:3      | Noticed Robin
  2991 | D:3      | Noticed Ijyb
  3339 | D:3      | Reached ** piety under Elyvilon
  3433 | D:3      | Slain by Robin

Illustrated notes

Levels and vault maps discovered:
D:1:      minmay_arrival_arboretum_small, layout_basic, basic_ecumenical_altar
D:2:      layout_rooms, basic_altar
D:3:      layout_basic, mainiacjoe_overflow_large_starburst,
          kennysheep_generic_room_7, uniq_robin, uniq_grinder, uniq_ijyb

Skill      XL: |  1  2 |
---------------+-------+-----
Fighting       | 1 |  1.8
Stealth        | 3 |  3.4
Dodging        | |  2.4
Spellcasting   | |  3.8
Conjurations   | |  1.1
Fire Magic     | |  3.9

Action                   |  1- 3 |  4- 6 || total
-------------------------+-------+-------++-------
Melee: Dagger            |     9 |    18 ||    27
 Cast: Foxfire           |   100 |    51 ||   151
  Use: Scroll            |     2 |     4 ||     6
       Potion            |       |     2 ||     2
Armor: Robe              |     1 |     7 ||     8
Dodge: Dodged            |    19 |     7 ||    26

Table legend: (Time is in decaauts)
 A = Elapsed time spent in this place.
 B = Non-inter-level travel time spent in this place.
 C = Inter-level travel time spent in this place.
 D = Time resting spent in this place.
 E = Time spent auto-exploring this place.
 F = Levels seen in this place.
 G = Mean time per level.
                   A        B        C        D        E       F      G
               +--------+--------+--------+--------+--------+-----+--------+
         Total |   3431 |   3207 |    224 |      0 |   2867 |   3 | 1143.7 |
       Dungeon |   3431 |   3207 |    224 |      0 |   2867 |   3 | 1143.7 |
               +--------+--------+--------+--------+--------+-----+--------+

Top non-repeatable levels by time:
     D:1: 1772 daAuts
     D:2: 1065 daAuts
     D:3: 593 daAuts
